 Dungeon Crawl Stone Soup version 0.31-a0-157-g0643eb4156 (webtiles) character file.

Game seed: 12786469993604765715

738 qw the Shooter (level 7, -4/64 HPs)
             Began as a Naga Hunter on June 12, 2023.
             Killed from afar by an oklob sapling (22 damage)
             ... with a splash of acid
             ... on level 5 of the Dungeon.
             The game lasted 00:01:19 (3862 turns).

qw the Shooter (Naga Hunter)                        Turns: 3862, Time: 00:01:20

Health: -4/64      AC: -1    Str: 14    XL:     7   Next: 75%
Magic:  7/7        EV: 10    Int:  9    God:
Gold:   275        SH:  0    Dex: 16    Spells: 6/6 levels left

rFire   . . .        Y - +1 shortbow
rCold   . . .        (shield currently unavailable)
rNeg    . . .        c - +0 leather armour
rPois   +            (no helmet)
rElec   .            f - scarf {repulsion}
rCorr   .            n - +2 pair of gloves
SInv    +            (no barding)
Will    .....        (no amulet) Stlth
                     a - +4 ring of slaying {mikee}
HPRegen 0.30/turn    o - +4 ring of protection
MPRegen 0.10/turn

%: repel missiles
@: confused, silenced, ambrosia-drunk, corroded, very slow
A: AC +2, large, see invisible, deformed body, poison resistance, slowness 2,
spit poison 1, naga tail 1
a: Spit Poison


You were on level 5 of the Dungeon.
You visited 1 branch of the dungeon, and saw 5 of its levels.

You collected 440 gold pieces.
You spent 165 gold pieces at shops.


Innate Abilities, Weirdness & Mutations

Your serpentine skin is tough. (AC +2)
You have supernaturally acute eyesight. (SInv)
Armour fits poorly on your strangely shaped body.
Your system is resistant to poisons. (rPois)
You cover ground very slowly.
You can spit poison.
You have a snake-like lower body.


   Skills:
 - Level 4.0 Fighting
 + Level 7.4 Ranged Weapons
 - Level 2.4 Dodging
 - Level 1.5 Stealth


You had 6 spell levels left.
You didn't know any spells.
Your spell library was empty.

Inventory:

Hand Weapons
 Y - a +1 shortbow (weapon)
Armour
 c - a +0 leather armour (worn)
 f - a scarf of repulsion (worn)
 n - a +2 pair of gloves (worn)
Jewellery
 a - a +4 ring of slaying (left hand) {mikee}
 o - a +4 ring of protection (right hand)
Scrolls
 h - a scroll of enchant armour
 i - 2 scrolls of identify
Potions
 b - a potion of might
 d - a potion of mutation {unknown}
 e - a potion of brilliance {unknown}
 g - 2 potions of ambrosia
 j - a potion of enlightenment {unknown}
 k - 2 potions of curing {unknown}
 l - a potion of lignification {unknown}
 m - a potion of haste {unknown}

Dungeon Overview and Level Annotations

Branches:
Dungeon (5/15)             Temple (0/1) D:5

Altars:

Shops:
D:5 **

Annotations:
D:5 exclusion: oklob sapling


Message History

You shoot an arrow.
The arrow hits the oklob sapling but does no damage.
The oklob sapling is almost destroyed.
You shoot an arrow. The arrow hits the oklob sapling.
The oklob sapling is almost destroyed.
A nearby plant withers and dies.
You shoot an arrow.
The arrow hits the oklob sapling but does no damage.
The oklob sapling is almost destroyed.
The oklob sapling spits acid at you. The splash of acid hits you!
The acid corrodes you!
Enter note:
Enter note:
Enter note:
Enter note:
Enter note:
Enter note:
Enter note:
Enter note:
Enter note:
3856 ||| UPGRADING to +4 ring of slaying {mikee}.
a - a +4 ring of slaying (left hand) {mikee}
3857 ||| UPGRADING to +4 ring of protection.
o - a +4 ring of protection (right hand)
3858 ||| READING scroll labelled GOLAOR PEOT.
As you read the scroll labelled GOLAOR PEOT, it crumbles to dust.
You assume a fearsome visage.
The oklob sapling is unaffected.
It was a scroll of fear.
3859 ||| READING scroll labelled XUTTUQOGHI.
As you read the scroll labelled XUTTUQOGHI, it crumbles to dust.
A profound silence engulfs you.
It was a scroll of silence.
3860 ||| DRINKING 3 fuming green potions.
It was a potion of ambrosia.
You are confused.
You feel invigorated. The oklob sapling spits acid at you.
The splash of acid hits you!! The acid corrodes you!
The oklob sapling spits acid at you. The splash of acid hits you!!
You die...

#...........#
#...#.####..#######
#..................
#..#....#..#######
#..#..#.#..#
#.......#..#
#.####..#..#
######.#####....#
#.....@.........#
#......######...#
#....P.. ###.##
#.......P #).###
#....PP..P #..).##
#....P.>PPP #..)).#
#...P.PPP.P#
####..#
#.....P.PP.# #..#
##.#


You could see an oklob sapling.

Vanquished Creatures
  2 ice beasts (D:5)
  An ogre (D:3)
  A scorpion (D:5)
  A howler monkey (D:3)
  A hound (D:4)
  3 orc priests (D:5)
  A sleepcap (D:5)
  An iguana (D:4)
  3 orc wizards (D:5)
  5 adders
  A shadow imp (D:5)
  A worm (D:3)
  A dart slug (D:5)
  10 orcs
  5 bats
  8 endoplasms
  4 giant cockroaches
  4 goblins
  6 hobgoblins
  3 jackals (D:3)
  A quokka (D:2)
  4 ball pythons
  3 frilled lizards
  5 kobolds
  4 rats
79 creatures vanquished.

Notes
Turn   | Place    | Note
-------+----------+-------------------------------------------
     0 | D:1      | qw the Naga Hunter began the quest for the Orb.
     0 | D:1      | Reached XP level 1. HP: 19/19 MP: 1/1
     0 | D:1      | 0 ||| qw: Version: 0.2-a-29-gc1b59c4
     0 | D:1      | 0 ||| qw: Game counter: 4118
     0 | D:1      | 0 ||| qw: Always use a shield: true
     0 | D:1      | 0 ||| qw: God list: Okawaru
     0 | D:1      | 0 ||| qw: Allow faded altars: false
     0 | D:1      | 0 ||| qw: Do Orc after D:15 true
     0 | D:1      | 0 ||| qw: Do second Lair branch before Depths: true
     0 | D:1      | 0 ||| qw: Lair rune preference: random
     0 | D:1      | 0 ||| qw: Plans: Normal
     0 | D:1      | 0 ||| PLANNING D:1-11
    53 | D:1      | 53 ||| INVOKING Spit Poison.
    59 | D:1      | 59 ||| INVOKING Spit Poison.
   114 | D:1      | Reached skill level 4 in Ranged Weapons
   114 | D:1      | Reached XP level 2. HP: 26/26 MP: 2/2
   137 | D:1      | 137 ||| INVOKING Spit Poison.
   256 | D:1      | 256 ||| INVOKING Spit Poison.
   274 | D:1      | 274 ||| INVOKING Spit Poison.
   350 | D:1      | 350 ||| INVOKING Spit Poison.
   406 | D:1      | 406 ||| INVOKING Spit Poison.
   540 | D:1      | 540 ||| UPGRADING to scarf of repulsion.
   545 | D:1      | 545 ||| READING scroll labelled OTSUMI ELUU.
   546 | D:1      | 546 ||| READING scroll labelled HOIKHLARUMO.
   547 | D:1      | 547 ||| READING 4 scrolls labelled VEON ISHRELEONO.
   548 | D:1      | 548 ||| READING 2 scrolls labelled ONE CIUFFA.
   549 | D:1      | 549 ||| READING scroll labelled PUBUPONT ONUKK.
   550 | D:1      | 550 ||| DROPPING scroll of butterflies.
   655 | D:2      | 655 ||| INVOKING Spit Poison.
   657 | D:2      | Reached XP level 3. HP: 28/32 MP: 3/3
   659 | D:2      | 659 ||| INVOKING Spit Poison.
   699 | D:2      | 699 ||| INVOKING Spit Poison.
   735 | D:2      | 735 ||| INVOKING Spit Poison.
   765 | D:2      | 765 ||| INVOKING Spit Poison.
   772 | D:2      | 772 ||| INVOKING Spit Poison.
   778 | D:2      | 778 ||| INVOKING Spit Poison.
   818 | D:2      | 818 ||| INVOKING Spit Poison.
   820 | D:2      | 820 ||| INVOKING Spit Poison.
   864 | D:2      | 864 ||| INVOKING Spit Poison.
   874 | D:2      | 874 ||| INVOKING Spit Poison.
  1300 | D:2      | 1300 ||| READING scroll labelled HIOQINKAISH.
  1301 | D:2      | 1301 ||| READING scroll labelled ONUDUM ZISEDD.
  1304 | D:2      | 1304 ||| READING scroll labelled ZOVEWKODIRULL.
  1391 | D:3      | 1391 ||| INVOKING Spit Poison.
  1413 | D:3      | 1413 ||| INVOKING Spit Poison.
  1416 | D:3      | Reached skill level 5 in Ranged Weapons
  1416 | D:3      | Reached XP level 4. HP: 39/39 MP: 4/4
  1418 | D:3      | 1418 ||| INVOKING Spit Poison.
  1424 | D:3      | 1424 ||| FLEEEEING.
  1425 | D:3      | 1425 ||| FLEEEEING.
  1426 | D:3      | 1426 ||| FLEEEEING.
  1427 | D:3      | 1427 ||| FLEEEEING.
  1428 | D:3      | 1428 ||| FLEEEEING.
  1429 | D:3      | 1429 ||| FLEEEEING.
  1430 | D:3      | 1430 ||| FLEEEEING.
  1431 | D:3      | 1431 ||| STAIRDANCE
  1459 | D:2      | 1459 ||| READING scroll labelled SOKLAE WAKONT.
  1463 | D:3      | Reached skill level 3 in Fighting
  1486 | D:3      | 1486 ||| INVOKING Spit Poison.
  1491 | D:3      | 1491 ||| INVOKING Spit Poison.
  1495 | D:3      | 1495 ||| INVOKING Spit Poison.
  1499 | D:3      | 1499 ||| INVOKING Spit Poison.
  1548 | D:3      | Noticed an ogre
  1549 | D:3      | 1549 ||| INVOKING Spit Poison.
  1552 | D:3      | Killed an ogre
  1553 | D:3      | Reached XP level 5. HP: 36/49 MP: 5/5
  1611 | D:3      | 1611 ||| INVOKING Spit Poison.
  1650 | D:3      | 1650 ||| INVOKING Spit Poison.
  1690 | D:3      | 1690 ||| INVOKING Spit Poison.
  1697 | D:3      | 1697 ||| INVOKING Spit Poison.
  1707 | D:3      | 1707 ||| INVOKING Spit Poison.
  1714 | D:3      | 1714 ||| INVOKING Spit Poison.
  1754 | D:3      | 1754 ||| INVOKING Spit Poison.
  1762 | D:3      | 1762 ||| INVOKING Spit Poison.
  1887 | D:3      | 1887 ||| INVOKING Spit Poison.
  2069 | D:3      | 2069 ||| READING 3 scrolls of identify.
  2069 | D:3      | 2069 ||| IDENTIFYING metallic brown potion
  2070 | D:3      | 2070 ||| READING 2 scrolls of identify.
  2070 | D:3      | 2070 ||| IDENTIFYING coppery potion
  2071 | D:3      | 2071 ||| DROPPING potion of attraction.
  2142 | D:4      | 2142 ||| INVOKING Spit Poison.
  2149 | D:4      | 2149 ||| INVOKING Spit Poison.
  2151 | D:4      | Reached skill level 6 in Ranged Weapons
  2151 | D:4      | Reached XP level 6. HP: 47/56 MP: 6/6
  2397 | D:4      | 2397 ||| INVOKING Spit Poison.
  2428 | D:4      | 2428 ||| INVOKING Spit Poison.
  2434 | D:4      | 2434 ||| INVOKING Spit Poison.
  2504 | D:4      | 2504 ||| INVOKING Spit Poison.
  2542 | D:4      | 2542 ||| INVOKING Spit Poison.
  2633 | D:4      | 2633 ||| UPGRADING to +0 pair of gloves.
  2638 | D:4      | 2638 ||| READING 3 scrolls of enchant armour.
  2638 | D:4      | 2638 ||| ENCHANTING +0 pair of gloves.
  2639 | D:4      | 2639 ||| READING 2 scrolls of enchant armour.
  2639 | D:4      | 2639 ||| ENCHANTING +1 pair of gloves.
  2640 | D:4      | 2640 ||| READING 2 scrolls of identify.
  2640 | D:4      | 2640 ||| IDENTIFYING puce potion
  2650 | D:5      | Entered Level 5 of the Dungeon
  2650 | D:5      | Found Esick's Assorted Antiques.
  2651 | D:5      | 2651 ||| INVOKING Spit Poison.
  2654 | D:5      | 2654 ||| BUYING fizzy clear potion (25 gold).
  2654 | D:5      | Bought a fizzy clear potion for 25 gold pieces
  2654 | D:5      | 2654 ||| BUYING knobbly bone ring (140 gold).
  2654 | D:5      | Bought a knobbly bone ring for 140 gold pieces
  2685 | D:5      | Found Fafeg's Fabulous Fripperies.
  2687 | D:5      | 2687 ||| Stepping ~*~*~tactically~*~*~ (outnumbered).
  2688 | D:5      | 2688 ||| INVOKING Spit Poison.
  2693 | D:5      | 2693 ||| INVOKING Spit Poison.
  2700 | D:5      | 2700 ||| INVOKING Spit Poison.
  2835 | D:5      | 2835 ||| SHOPLISTING amulet of faith (440 gold, have 199).
  2835 | D:5      | 2835 ||| SHOPLISTING ring of Obsession {Fly rElec Will+}
                  | (408 gold, have 199).
  2835 | D:5      | 2835 ||| SHOPLISTING ring of fire (275 gold, have 199).
  3090 | D:5      | 3090 ||| Stepping ~*~*~tactically~*~*~ (outnumbered).
  3091 | D:5      | Noticed an ice beast
  3092 | D:5      | 3092 ||| Stepping ~*~*~tactically~*~*~ (outnumbered).
  3094 | D:5      | 3094 ||| INVOKING Spit Poison.
  3101 | D:5      | 3101 ||| INVOKING Spit Poison.
  3102 | D:5      | Killed an ice beast
  3103 | D:5      | Reached XP level 7. HP: 51/64 MP: 7/7
  3104 | D:5      | Reached skill level 7 in Ranged Weapons
  3228 | D:5      | HP: 15/64 [ice beast (6)]
  3229 | D:5      | 3229 ||| DRINKING potion of heal wounds.
  3314 | D:5      | 3314 ||| INVOKING Spit Poison.
  3321 | D:5      | 3321 ||| INVOKING Spit Poison.
  3328 | D:5      | 3328 ||| INVOKING Spit Poison.
  3357 | D:5      | 3357 ||| INVOKING Spit Poison.
  3363 | D:5      | 3363 ||| INVOKING Spit Poison.
  3367 | D:5      | 3367 ||| INVOKING Spit Poison.
  3836 | D:5      | Found a staircase to the Ecumenical Temple.
  3837 | D:5      | 3837 ||| PLANNING TEMPLE
  3856 | D:5      | 3856 ||| UPGRADING to +4 ring of slaying {mikee}.
  3857 | D:5      | 3857 ||| UPGRADING to +4 ring of protection.
  3858 | D:5      | 3858 ||| READING scroll labelled GOLAOR PEOT.
  3859 | D:5      | 3859 ||| READING scroll labelled XUTTUQOGHI.
  3860 | D:5      | 3860 ||| DRINKING 3 fuming green potions.
  3861 | D:5      | HP: 14/64 [oklob sapling/splash of acid (20)]
  3862 | D:5      | Killed from afar by an oklob sapling

Levels and vault maps discovered:
D:1:      psy_arrival_terrarium, layout_rooms, serial_forest,
          infiniplex_forest_clump_double, infiniplex_forest_clump_small,
          infiniplex_forest_straight_4, infiniplex_forest_lined_room_3,
          infiniplex_forest_lined_4_way, infiniplex_forest_straight_3
D:2:      layout_basic, minivault_14, minmay_pentomino_u4
D:3:      layout_loops_ring, minmay_misc_feat_roman
D:4:      minmay_door_path, layout_rooms
D:5:      layout_basic, minmay_temple_entry_oklob, serial_shops,
          nicolae_stop_n_shop_1, fountainhead, minmay_misc_feat_tiny,
          kennysheep_cross_room, nicolae_alphabet_shops

Skill      XL: |  1  2  3  4  5  6  7 |
---------------+----------------------+-----
Ranged Weapons | 4 5 6 7 |  7.4
Fighting       | 3 4 |  4.0
Dodging        | 2 |  2.4
Stealth        | |  1.5

Action                     |  1- 3 |  4- 6 |  7- 9 || total
---------------------------+-------+-------+-------++-------
   Fire: Shortbow          |    51 |    86 |    91 ||   228
Ability: Spit Poison       |    19 |    28 |     6 ||    53
    Use: Scroll            |     8 |     6 |     2 ||    16
         Potion            |       |       |     2 ||     2
 Armour: Leather armour    |     8 |    18 |    15 ||    41
  Dodge: Dodged            |     9 |    31 |    21 ||    61
         Repelled          |       |       |     1 ||     1

Table legend:
 A = Non-vault XP
 B = Vault XP
 C = Vault XP percentage of total XP
 D = Non-vault monster count
 E = Vault monster count
 F = Vault count percentage of total count
                 A         B        C        D         E       F
            +---------+---------+-------+---------+---------+-------
      Total |    1024 |      31 |   2.9 |      74 |       5 |   6.3
            +---------+---------+-------+---------+---------+-------
        D:1 |      24 |       0 |   0.0 |      16 |       0 |   0.0
        D:2 |      37 |      16 |  30.2 |       9 |       3 |  25.0
        D:3 |     223 |       0 |   0.0 |      23 |       0 |   0.0
        D:4 |      90 |      15 |  14.3 |       8 |       2 |  20.0
        D:5 |     650 |       0 |   0.0 |      18 |       0 |   0.0
            +---------+---------+-------+---------+---------+-------
